 Dungeon Crawl Stone Soup version 0.21-a0-104-g7b58145 (webtiles) character file.

525 tilp the Firebug (level 7, 0/50 HPs)
             Began as a Hill Orc Fire Elementalist on July 4, 2017.
             Killed from afar by Duvessa (10 damage)
             ... with a wand of flame (?/48)
             ... on level 4 of the Dungeon on July 5, 2017.
             The game lasted 00:19:06 (6091 turns).

tilp the Firebug (Hill Orc Fire Elementalist)       Turns: 6091, Time: 00:19:07

Health: 0/50       AC:  4    Str: 11    XL:     7   Next: 22%
Magic:  4/10       EV: 11    Int: 17    God:
Gold:   167        SH:  0    Dex: 11    Spells: 3/11 levels left

rFire    . . .     SeeInvis .   e - +0 dagger
rCold    . . .     Gourm    .   (no shield)
rNeg     . . .     Faith    .   v - +0 leather armour
rPois    .         Spirit   .   (no helmet)
rElec    .         Reflect  .   (no cloak)
rCorr    .         Harm     .   t - +0 pair of gloves
MR       .....                  (no boots)
Stlth    +.........             (no amulet)
HPRegen  0.16/turn              (no ring)
MPRegen  0.12/turn              (no ring)

@: flying, very slightly contaminated
A: no striking features
a: no special abilities


You were on level 4 of the Dungeon.
You were not hungry.

You visited 1 branch of the dungeon, and saw 4 of its levels.

You collected 167 gold pieces.

Inventory:

Hand Weapons
 e - a +0 dagger (weapon)
 A - a +2 spear of venom
 E - a +2 flail of crushing
Missiles
 d - 153 stones
 u - 6 javelins (quivered)
Armour
 a - a +0 robe
 t - a +0 pair of gloves (worn)
 v - a +0 leather armour (worn)
Wands
 z - a wand of random effects (17/48)
Scrolls
 f - 5 scrolls of identify {unknown}
 h - a scroll of remove curse {unknown}
 k - 2 scrolls of teleportation {unknown}
 l - 2 scrolls of fear {unknown}
 p - a scroll of amnesia {unknown}
 q - a scroll of enchant armour {unknown}
 r - a scroll of blinking {unknown}
 s - a scroll of recharging {unknown}
 w - a scroll of enchant weapon {unknown}
 x - a scroll of random uselessness {unknown}
 C - a scroll of immolation {unknown}
Potions
 g - a potion of mutation {unknown}
 i - a potion of might {unknown}
 j - a potion of ambrosia {unknown}
 m - a potion of degeneration {unknown}
 n - a potion of flight
 o - a potion of cancellation {unknown}
 B - a potion of brilliance {unknown}
Books
 b - a book of Flames

   Spells                             Type                      Level
   a - Flame Tongue                   Conjuration/Fire             1
   b - Throw Flame                    Conjuration/Fire             2
   c - Conjure Flame                  Conjuration/Fire             3
   d - Inner Flame                    Hexes/Fire                   3
   e - Sticky Flame                   Conjuration/Fire             4
   f - Fireball                       Conjuration/Fire             5
 y - a book of Changes

   Spells                             Type                      Level
   a - Beastly Appendage              Transmutation                1
   b - Sticks to Snakes               Transmutation                2
   c - Spider Form                    Transmutation/Poison         3
   d - Ice Form                       Ice/Transmutation            4
   e - Blade Hands                    Transmutation                5
Comestibles
 c - a bread ration
 D - 6 chunks of flesh


   Skills:
 - Level 1.5 Dodging
 - Level 1.5 Stealth
 - Level 2.5 Spellcasting
 - Level 4.0 Conjurations
 + Level 6.9 Fire Magic


You had 3 spell levels left.
You knew the following spells:

 Your Spells              Type           Power        Failure   Level  Hunger
a - Flame Tongue          Conj/Fire      ###..        2%          1    #......
b - Conjure Flame         Conj/Fire      ###.....     8%          3    ###....
c - Sticky Flame          Conj/Fire      ###.....     26%         4    #####..


Dungeon Overview and Level Annotations

Branches:
Dungeon (4/15)
 Temple: D:4-7

Altars:
Fedhas
Hepliaklqana
Kikubaaqudgha

Annotations:
D:3 Ijyb
D:4 Dowan, Duvessa


Message History

Aiming: Flame Tongue
Press: ? - help, Shift-Dir - straight line, f/p - Duvessa
Aim: Duvessa, wielding a rapier, wearing a shiny scale mail and carrying a wand of flame (?/48) {zapped: 3} (lightly wounded)
The flame tongue hits Duvessa.
Duvessa is moderately wounded.
Duvessa zaps a wand.
The puff of flame hits you!
Casting: Flame Tongue
Confirm with . or Enter, or press ? or * to list all spells.
Aiming: Flame Tongue
Press: ? - help, Shift-Dir - straight line, f/p - Duvessa
Aim: Duvessa, wielding a rapier, wearing a shiny scale mail and carrying a wand of flame (?/48) {zapped: 4} (moderately wounded)
The flame tongue hits Duvessa.
Duvessa is heavily wounded.
Duvessa zaps a wand.
The puff of flame hits you!
* * * LOW HITPOINT WARNING * * *
Okay, then.
It was a potion of flight.
You feel very buoyant.
You fly up into the air.
Duvessa zaps a wand.
The puff of flame hits you!
You die...

##################
#....)...........#
#.##############.### #.#
#######........ ##### ####.#
#.........#..##
###...####....####.#.....#.#..#
#...#..##..#.e.@...#.#.....#..#
#...#......#.#####.#.#...###..#
#...##....##.# #.#..........#
#...##....##e#######.#.#####.##
#....##..##...............##.#
#....##..##..#...............#
#.....####...#..###.##.##.####
#.....####...#..#(#.##.##.#
##......##....#..###.##....#


You could see Duvessa.

Vanquished Creatures
  A scorpion (D:4)
  A howler monkey (D:4)
  A hound (D:4)
  An orc priest (D:4)
  An orc wizard (D:4)
  17 gnolls (D:4)
  7 adders
  An adder skeleton (D:4)
  4 worms
  A dart slug (D:1)
  A leopard gecko (D:3)
  7 orcs
  6 bats
  4 giant cockroaches
  7 goblins
  10 hobgoblins
  23 jackals
  10 kobolds
  2 ball pythons
  6 frilled lizards
  5 rats
116 creatures vanquished.

Notes
Turn   | Place    | Note
-------+----------+-------------------------------------------
     0 | D:1      | tilp the Hill Orc Fire Elementalist began the quest for the Orb.
     0 | D:1      | Reached XP level 1. HP: 14/14 MP: 3/3
   240 | D:1      | Reached XP level 2. HP: 17/20 MP: 3/5
   391 | D:1      | You fall through a shaft!
   885 | D:1      | Reached XP level 3. HP: 26/26 MP: 4/6
  1576 | D:2      | Learned a level 3 spell: Conjure Flame
  1637 | D:2      | Reached XP level 4. HP: 33/33 MP: 0/7
  1643 | D:2      | Learned a level 4 spell: Sticky Flame
  2391 | D:2      | Found a hazy altar of Hepliaklqana.
  2951 | D:3      | Found a blossoming altar of Fedhas.
  3004 | D:3      | Found an ancient bone altar of Kikubaaqudgha.
  3004 | D:3      | Noticed Ijyb
  3124 | D:3      | Reached skill level 4 in Fire Magic
  3161 | D:3      | Upgraded the game from 0.21-a0-95-g06f091e to 0.21-a0-104-g7b58145
  3429 | D:4      | Reached XP level 5. HP: 36/38 MP: 5/8
  3841 | D:4      | Reached XP level 6. HP: 36/45 MP: 2/9
  3850 | D:4      | Reached skill level 5 in Fire Magic
  4132 | D:4      | Noticed Dowan
  5237 | D:4      | Reached skill level 6 in Fire Magic
  5646 | D:4      | Reached XP level 7. HP: 26/50 MP: 0/10
  6054 | D:4      | Noticed Duvessa
  6091 | D:4      | Killed from afar by Duvessa

Vault maps used:
D:1:      minmay_arrival_solitary_statue
D:2:      cheibrodos_helix_gallery, lemuel_doored_altar, first_bread
D:3:      old_standard_altar, fedhas_altar_4, uniq_ijyb
D:4:      lemuel_castle_with_subvaults, kennysheep_mini, minmay_misc_feat_x,
          item_on_display_a, uniq_duvessa

Skill      XL: |  1  2  3  4  5  6 |
---------------+-------------------+-----
Spellcasting   | 2 |  2.5
Conjurations   | 2 3 4 |  4.0
Fire Magic     | 4 6 |  6.9
Dodging        | |  1.5
Stealth        | |  1.5

Action                   |  1- 3 |  4- 6 |  7- 9 || total
-------------------------+-------+-------+-------++-------
Melee: Dagger            |    32 |    93 |     5 ||   130
Throw: Stone             |     3 |       |       ||     3
       Javelin           |       |     5 |     1 ||     6
 Cast: Flame Tongue      |    64 |   132 |    26 ||   222
       Sticky Flame      |       |     2 |     1 ||     3
       Conjure Flame     |       |     1 |       ||     1
  Use: Potion            |       |       |     1 ||     1
 Stab: Sleeping          |       |     1 |       ||     1
  Eat: Chunk             |     3 |     8 |       ||    11
       Bread ration      |       |     2 |       ||     2
Armor: Robe              |    11 |    11 |       ||    22
       Leather armour    |       |    11 |     5 ||    16
Dodge: Dodged            |    36 |    64 |     6 ||   106
